 Dungeon Crawl Stone Soup version 0.24-a0-251-g44e327ef01 (webtiles) character file.

Game seed: 18127295369132761999

222 Redear the Skirmisher (level 5, -2/37 HPs)
             Began as an Octopode Fighter on Apr 16, 2019.
             Killed from afar by an orc wizard (7 damage)
             ... with a magic dart
             ... on level 3 of the Dungeon.
             The game lasted 00:04:02 (2066 turns).

Redear the Skirmisher (Octopode Fighter)            Turns: 2066, Time: 00:04:02

Health: -2/37      AC:  1    Str: 15    XL:     5   Next: 99%
Magic:  5/5        EV: 20    Int: 10    God:
Gold:   214        SH:  0    Dex: 18    Spells: 4/4 levels left

rFire    . . .     SeeInvis .   a - +0 long sword
rCold    . . .     Gourm    .   n - +0 buckler
rNeg     . . .     Faith    .   (helmet restricted)
rPois    .         Spirit   .   (no amulet)
rElec    .         Reflect  .   (no ring)
rCorr    .         Harm     .   (no ring)
MR       .....                  (no ring)
Stlth    +++.......             (no ring)
HPRegen  0.12/turn              (no ring)
MPRegen  0.09/turn              (no ring)
                                (no ring)
                                (no ring)

@: confused, agile, berserk cooldown, slowed, very slow
A: almost no armour, stealthy swim, amphibious, 8 rings, constrict 8, camouflage
1, gelatinous body 1
a: no special abilities


You were on level 3 of the Dungeon.
You were hungry.

You visited 1 branch of the dungeon, and saw 3 of its levels.

You collected 214 gold pieces.

Inventory:

Hand Weapons
 a - a +0 long sword (weapon)
Missiles
 r - 72 stones (quivered)
Armour
 b - a +0 shield
 n - a +0 buckler (worn)
Wands
 D - a wand of digging (5)
Scrolls
 d - a scroll of noise {unknown}
 e - 2 scrolls of identify {unknown}
 f - a scroll of fog {unknown}
 i - 2 scrolls of teleportation {unknown}
 k - 2 scrolls of remove curse {unknown}
 l - a scroll of random uselessness {unknown}
 m - a scroll of immolation {unknown}
 o - a scroll of fear {unknown}
 p - 2 scrolls of amnesia {unknown}
 q - 3 scrolls of magic mapping {unknown}
Potions
 c - a potion of might {Str+5 DMG+1d10 | @q3}
 j - a potion of agility {Stlth+ Dex+5 EV+5 | @q4}
 t - a potion of brilliance {unknown}
 u - a potion of invisibility {unknown}
 v - a potion of resistance {unknown}
Comestibles
 z - 4 rations


   Skills:
 + Level 3.9 Fighting
 + Level 3.1 Long Blades
 + Level 3.9 Dodging
 + Level 3.3 Stealth
 + Level 3.9 Shields


You had 4 spell levels left.
You didn't know any spells.
Your spell library contained the following spells:

 Spells                   Type           Power        Failure   Level  Hunger
 Beastly Appendage        Tmut           #.....       36%         1    ##.....
 Sticks to Snakes         Tmut           #.......     50%         2    ###....
 Spider Form              Tmut/Pois      #.........   75%         3    ####...
 Ice Form                 Ice/Tmut       #.......     98%         4    #####..
 Blade Hands              Tmut           #.........   100%        5    ######.


Dungeon Overview and Level Annotations

Branches:
Dungeon (3/15)

Altars:
Beogh


Innate Abilities, Weirdness & Mutations

You cannot wear most types of armour.
You are very stealthy in the water. (Stealth+)
You are amphibious.
You can wear up to eight rings at the same time.
You can use your tentacles to constrict eight enemies at once.
Your skin changes colour to match your surroundings (Stealth+).
Your rubbery body absorbs attacks. (AC +1, EV +1)


Message History

You now have 13/55 hp.
You feel a strong urge to attack something.
You hear some strange, mumbled words.
A magic dart appears from out of thin air!
The magic dart hits you.
* * * LOW HITPOINT WARNING * * *
You take 6 damage, and have 7/55 hp.
You bump into the rock wall.
Unknown command.
You bump into the rock wall.
You feel your anger nearly subside.
You bump into the rock wall.
You are no longer berserk.
You are exhausted.
You feel yourself slow down.
The orc priest looks encouraged for a moment.
You hear some strange, mumbled words.
A magic dart appears from out of thin air!
The magic dart hits you!
You die...

#...# ##..#
.#..# #####
.#..# ##..$##
)##.## #.8)8.###
.##..# #_$.o.'o#
.##..###
#.8.8.#)#
.......#
##$..##o#
.###...#
#####@.# .#
#...# #.#.#.##
+####..# #.#...#
.......# #.#.###
......>#####.#.#
.............#.#
.....#########.#
.##### #...#.#
.# #.#...#


You could see an orc priest and an orc.

Vanquished Creatures
  An orc priest (D:3)
  An orc wizard (D:3)
  3 gnolls (D:3)
  5 adders
  2 oozes (D:1)
  4 dart slugs
  A leopard gecko (D:3)
  3 orcs (D:3)
  9 bats
  A giant cockroach (D:3)
  7 goblins
  10 hobgoblins
  7 jackals
  2 quokkas (D:2)
  2 ball pythons
  6 frilled lizards
  A kobold (D:2)
  8 rats
73 creatures vanquished.

Notes
Turn   | Place    | Note
-------+----------+-------------------------------------------
     0 | D:1      | Redear the Octopode Fighter began the quest for the Orb.
     0 | D:1      | Reached XP level 1. HP: 16/16 MP: 1/1
    58 | D:1      | Reached XP level 2. HP: 15/21 MP: 2/2
    63 | D:1      | Reached skill level 1 in Stealth
   444 | D:1      | Reached XP level 3. HP: 23/26 MP: 3/3
   949 | D:2      | Reached skill level 2 in Stealth
   975 | D:2      | Reached XP level 4. HP: 12/31 MP: 4/4
  1638 | D:3      | Reached XP level 5. HP: 24/36 MP: 5/5
  1895 | D:3      | Reached skill level 3 in Stealth
  2028 | D:3      | Found a roughly hewn altar of Beogh.
  2033 | D:3      | Reached skill level 3 in Long Blades
  2033 | D:3      | HP: 3/37 [orc priest/divine providence (15)]
  2066 | D:3      | Killed from afar by an orc wizard

Levels and vault maps discovered:
D:1:      matt_arrival_grand_opening, layout_loops_ring
D:2:      layout_rooms, first_ration
D:3:      layout_basic, kennysheep_orc_chapel

Skill      XL: |  1  2  3  4  5 |
---------------+----------------+-----
Stealth        | 1 2 3 |  3.3
Long Blades    | 3 |  3.1
Fighting       | |  3.9
Dodging        | |  3.9
Shields        | |  3.9

Action                   |  1- 3 |  4- 6 || total
-------------------------+-------+-------++-------
Melee: Long sword        |    46 |    75 ||   121
       Constrict         |    16 |    22 ||    38
       Tentacles         |     5 |    23 ||    28
  Use: Potion            |       |     5 ||     5
 Stab: Sleeping          |     4 |     8 ||    12
  Eat: Chunk             |       |     3 ||     3
Armor: Skin              |     6 |     7 ||    13
Dodge: Dodged            |    30 |    35 ||    65
Block: Buckler           |       |    18 ||    18
       Rpst.: Long sword |    10 |    10 ||    20

Table legend:
 A = Non-vault XP
 B = Vault XP
 C = Vault XP percentage of total XP
 D = Non-vault monster count
 E = Vault monster count
 F = Vault count percentage of total count
                 A         B        C        D         E       F
            +---------+---------+-------+---------+---------+-------
      Total |     234 |      84 |  26.4 |      71 |       2 |   2.7
            +---------+---------+-------+---------+---------+-------
        D:1 |      51 |       0 |   0.0 |      21 |       0 |   0.0
        D:2 |      68 |       0 |   0.0 |      26 |       0 |   0.0
        D:3 |     115 |      84 |  42.2 |      24 |       2 |   7.7
            +---------+---------+-------+---------+---------+-------
